 Dungeon Sprint DCSS version 0.30-a0-808-g6e0788376e (webtiles) character file.

Game seed: 11485093040022478733

1085 rocky1 the Grappler (level 8, -5/89 HPs)
             Began as a Troll Gladiator on Feb 26, 2023.
             Was an Initiate of Jiyva.
             Slain by an efreet
             ... wielding a +3 scimitar of flaming
              (11 damage)
             ... in the Dungeon (Sprint IX: "|||||||||||||||||||||||||||||").
             The game lasted 00:02:17 (853 turns).

rocky1 the Grappler (Troll Gladiator)                Turns: 853, Time: 00:02:18

Health: -5/89      AC:  5    Str: 28    XL:     8   Next: 9%
Magic:  7/7        EV: 12    Int:  7    God:    Jiyva [......]
Gold:   0          SH:  0    Dex: 11    Spells: 7/7 levels left

rFire   . . .      SeeInvis .      - Unarmed
rCold   . . .      Faith    .    (no shield)
rNeg    . . .      Spirit   .    a - +0 robe
rPois   .          Reflect  .    b - +0 hat
rElec   .          Harm     .    n - +0 cloak
rCorr   .          Rampage  .    (gloves unavailable)
Will    .....      NoTele   +    (boots unavailable)
Stlth   +                        (no amulet)
HPRegen 1.14/turn                p - +3 ring of intelligence
MPRegen 0.10/turn                o - +3 ring of strength

@: hasted, invisible, very quick
A: large, unfitting armour, claws 3, regeneration 1, shaggy fur 1, tough skin 1
a: Renounce Religion


You were in the Dungeon.
You worshipped Jiyva.
Jiyva was noncommittal.
You visited 1 branch

Inventory:

Missiles
 c - 3 throwing nets (quivered)
 d - a large rock
Armour
 a - a +0 robe (worn)
 b - a +0 hat (worn)
 n - a +0 cloak (worn)
Jewellery
 o - a +3 ring of strength (right claw)
 p - a +3 ring of intelligence (left claw)
Wands
 m - a wand of iceblast (10)
Scrolls
 j - 2 scrolls of blinking
 l - 2 scrolls of amnesia
Potions
 e - 5 potions of curing
 h - 4 potions of magic


   Skills:
 + Level 8.7 Fighting
 - Level 1.7 Throwing
 + Level 8.9 Dodging
 * Level 11.2 Unarmed Combat


You had 7 spell levels left.
You didn't know any spells.
Your spell library was empty.

Dungeon Overview and Level Annotations

Branches:
Dungeon (1/1)

Altars:
Cheibriados
Dithmenos
Elyvilon
Fedhas
Gozag
Hepliaklqana
Kikubaaqudgha
Makhleb
Nemelex Xobeh
Okawaru
Qazlal
Ru
Sif Muna
Trog
Uskayaw
Vehumet
Wu Jian
Xom
Yredelemnul
Zin
The Shining One
Jiyva
Lugonu


Innate Abilities, Weirdness & Mutations

You are too large for most types of armour.
You have claws for hands.
Your natural rate of healing is unusually fast.
You are covered in fur. (AC +1)
You have tough skin. (AC +1)


Message History

The two-headed ogre hits you with a +0 giant club.
You scratch the two-headed ogre but do no damage.
You feel much better. The two-headed ogre closely misses you.
The two-headed ogre barely misses you. The efreet gestures at you.
The fireball explodes!
The fireball engulfs the two-headed ogre!!
The fireball engulfs the efreet.
The efreet completely resists.
The fireball engulfs you!!
The two-headed ogre shouts in stereo!
You scratch the two-headed ogre but do no damage.
The two-headed ogre is moderately wounded.
You feel yourself speed up.
You catch the helpless two-headed ogre completely off-guard!
You scratch the two-headed ogre.
The two-headed ogre is heavily wounded.
The two-headed ogre misses you.
The two-headed ogre hits you with a +0 giant club!
* * * LOW HITPOINT WARNING * * *
You scratch the two-headed ogre.
The two-headed ogre is heavily wounded.
You mangle the two-headed ogre!!
You kill the two-headed ogre!
Your Unarmed Combat skill increases to level 11!
You have reached level 8!
You feel much better.
You barely miss the efreet. The efreet gestures at you.
The bolt of fire misses you.
You barely miss the efreet. You scratch the efreet.
You claw the efreet, but do no damage.
The efreet is lightly wounded.
The efreet hits you with a +3 scimitar of flaming!!
The efreet burns you.
You claw the efreet!
The efreet is moderately wounded.
The efreet hits you with a +3 scimitar of flaming!!
* * * LOW HITPOINT WARNING * * *
The efreet burns you!
You die... ▓▓▓▓▓▓▓▓▓▓▓▓▓▓▓▓▓▓▓▓▓▓▓▓ .u.ez.R@...)))..[.[.)..' ▓▓▓▓▓▓▓▓▓▓▓▓▓▓▓▓▓▓▓▓▓▓▓▓

You could see a green ugly thing (unable to see you), a skeletal warrior (unable to see you), a deep elf pyromancer (unable to see you) and an efreet (unable to see you).

Vanquished Creatures
  A two-headed ogre (D)
  A shadow (D)
  A wyvern (D)
  A yak (D)
  An orc warrior (D)
  A centaur (D)
  A scorpion (D)
  An orc wizard (D)
  An adder (D)
  A white imp (D)
  An ufetubus (D)
  An endoplasm (D)
  A jackal (D)
  2 kobolds (D)
  A ball python (D)
  A bat (D)
17 creatures vanquished.

Vanquished Creatures (others)
  A great orb of eyes (D)
1 creature vanquished.

Grand Total: 18 creatures vanquished

Notes
Turn   | Place    | Note
-------+----------+-------------------------------------------
     0 | D        | rocky1 the Troll Gladiator began the quest for the Orb.
     0 | D        | Reached XP level 1. HP: 19/19 MP: 0/0
   222 | D        | Noticed a scorpion
   238 | D        | Reached skill level 4 in Unarmed Combat
   238 | D        | Reached XP level 2. HP: 23/29 MP: 1/1
   239 | D        | Killed a scorpion
   240 | D        | Reached skill level 5 in Unarmed Combat
   240 | D        | Reached XP level 3. HP: 33/39 MP: 2/2
   240 | D        | Reached XP level 4. HP: 41/48 MP: 3/3
   362 | D        | Found a snail-covered altar of Cheibriados.
   362 | D        | Found a shadowy altar of Dithmenos.
   362 | D        | Found a white marble altar of Elyvilon.
   362 | D        | Found a blossoming altar of Fedhas.
   362 | D        | Found an opulent altar of Gozag.
   363 | D        | Found a hazy altar of Hepliaklqana.
   364 | D        | Found a viscous altar of Jiyva.
   365 | D        | Found an ancient bone altar of Kikubaaqudgha.
   366 | D        | Found a corrupted altar of Lugonu.
   367 | D        | Found a burning altar of Makhleb.
   368 | D        | Found a sparkling altar of Nemelex Xobeh.
   369 | D        | Found an iron altar of Okawaru.
   370 | D        | Found a stormy altar of Qazlal.
   371 | D        | Found a sacrificial altar of Ru.
   372 | D        | Became a worshipper of Jiyva Jipnase the Shapeless
   373 | D        | Found a shimmering blue altar of Sif Muna.
   374 | D        | Found a bloodstained altar of Trog.
   374 | D        | Killed a great orb of eyes
   375 | D        | Found a hide-covered altar of Uskayaw.
   376 | D        | Found a radiant altar of Vehumet.
   377 | D        | Found an ornate altar of the Wu Jian Council.
   378 | D        | Found a shimmering altar of Xom.
   379 | D        | Found a basalt altar of Yredelemnul.
   380 | D        | Found a glowing silver altar of Zin.
   381 | D        | Found a glowing golden altar of the Shining One.
   417 | D        | Noticed a shadow
   417 | D        | Noticed a wyvern
   417 | D        | Noticed a yak
   417 | D        | Noticed a centaur
   417 | D        | Noticed an orc warrior
   427 | D        | Killed an orc warrior
   428 | D        | Reached skill level 5 in Fighting
   428 | D        | Reached skill level 5 in Dodging
   428 | D        | Reached skill level 6 in Unarmed Combat
   428 | D        | Reached XP level 5. HP: 57/57 MP: 4/4
   430 | D        | Killed a centaur
   431 | D        | Reached skill level 7 in Unarmed Combat
   440 | D        | Reached XP level 6. HP: 40/67 MP: 5/5
   443 | D        | Killed a yak
   444 | D        | Reached skill level 8 in Unarmed Combat
   445 | D        | Killed a wyvern
   445 | D        | HP: 3/71 [something (28)]
   446 | D        | Reached skill level 9 in Unarmed Combat
   446 | D        | Reached XP level 7. HP: 3/78 MP: 6/6
   450 | D        | Killed a shadow
   451 | D        | Reached skill level 10 in Unarmed Combat
   839 | D        | Noticed a green ugly thing
   839 | D        | Noticed a deep elf pyromancer
   839 | D        | Noticed a skeletal warrior
   839 | D        | Noticed an efreet
   839 | D        | Noticed a two-headed ogre
   848 | D        | Killed a two-headed ogre
   849 | D        | Reached skill level 11 in Unarmed Combat
   849 | D        | Reached XP level 8. HP: 25/89 MP: 7/7
   853 | D        | Slain by an efreet

Illustrated notes

Levels and vault maps discovered:
D:        linesprint [early_d, line_temple, items_1, d_10, items_2, lair_1,
          lair_end, items_3, orc_1, orc_end, items_4, d_15, swamp_1, shoals_1,
          snake_1, spider_1, d_20, vaults_1, items_5, swamp_end, shoals_end,
          snake_end, spider_end, vaults_end, d_27, items_6, zot_1, zot_end,
          crypt_end, forest_end, elf_end, slime_end, tomb_end, abyss_end,
          pan_hell_end]

Skill      XL: |  1  2  3  4  5  6  7 |
---------------+----------------------+-----
Fighting       | 2 4 5 6 7 8 |  8.7
Dodging        | 3 4 5 6 7 8 |  8.9
Unarmed Combat | 4 5 6 7 9 11 | 11.2
Throwing       | |  1.7

Action                     |  1- 3 |  4- 6 |  7- 9 || total
---------------------------+-------+-------+-------++-------
  Melee: Unarmed           |    29 |    33 |    14 ||    76
         Punch             |       |       |     1 ||     1
    Use: Potion            |       |     1 |     5 ||     6
   Stab: Invisible         |       |       |     1 ||     1
 Armour: Robe              |    10 |     6 |       ||    16
  Dodge: Dodged            |     8 |    15 |     8 ||    31

Table legend: (Time is in decaauts)
 A = Elapsed time spent in this place.
 B = Non-inter-level travel time spent in this place.
 C = Inter-level travel time spent in this place.
 D = Time resting spent in this place.
 E = Time spent auto-exploring this place.
 F = Levels seen in this place.
 G = Mean time per level.
                   A        B        C        D        E       F      G
               +--------+--------+--------+--------+--------+-----+--------+
         Total |    849 |    849 |      0 |    690 |      0 |   1 |  849.0 |
       Dungeon |    849 |    849 |      0 |    690 |      0 |   1 |  849.0 |
               +--------+--------+--------+--------+--------+-----+--------+

Top non-repeatable levels by time:
       D: 849 daAuts
